 Dungeon Crawl Stone Soup version 0.20.1-1-g8b1a95d (webtiles) character file.

760 vomix the Cleaver (level 7, -3/57 HPs)
             Began as a Minotaur Berserker on Sept 9, 2017.
             Was a Believer of Trog.
             Killed from afar by an orc wizard (6 damage)
             ... with a puff of frost
             ... on level 4 of the Dungeon.
             The game lasted 00:06:46 (3685 turns).

vomix the Cleaver (Minotaur Berserker)              Turns: 3685, Time: 00:06:46

Health: -3/57      AC:  8    Str: 21    XL:     7   Next: 51%
Magic:  6/6        EV:  8    Int:  4    God:    Trog [**....]
Gold:   122        SH:  0    Dex: 12    Spells: 6/6 levels left

rFire    . . .     SeeInvis .   a - +0 hand axe
rCold    . . .     Gourm    .   (no shield)
rNeg     . . .     Faith    .   l - +0 chain mail
rPois    .         Spirit   .   (helmet restricted)
rElec    .         Reflect  .   (no cloak)
rCorr    .         Harm     .   (no gloves)
MR       .....                  (no boots)
Stlth    ..........             (no amulet)
Regen    0.2/turn               (no ring)
MPRegen  0.1/turn               (no ring)

@: berserk cooldown, slowed, very slow
A: retaliatory headbutt, horns 2
a: Berserk, Trog's Hand, Burn Spellbooks, Renounce Religion


You were on level 4 of the Dungeon.
You worshipped Trog.
Trog was pleased with you.
You were very hungry.

You visited 1 branch of the dungeon, and saw 4 of its levels.

You collected 122 gold pieces.

Inventory:

Hand Weapons
 a - a +0 hand axe (weapon)
Armour
 b - a +0 animal skin
 l - a +0 chain mail (worn)
Jewellery
 p - an uncursed amulet of magic regeneration {unknown}
 v - an uncursed amulet of regeneration {unknown}
Wands
 q - a wand of lightning (4/15)
 u - a wand of flame (24/48)
 w - a wand of disintegration (11/24)
Scrolls
 f - a scroll of fear {unknown}
 j - 2 scrolls of remove curse {unknown}
 k - 2 scrolls of teleportation {unknown}
 n - a scroll of identify {unknown}
 o - 2 scrolls of enchant weapon {unknown}
 r - a scroll of amnesia {unknown}
 s - a scroll of blinking {unknown}
Potions
 d - a potion of agility {unknown}
 e - 2 potions of mutation {unknown}
 i - a potion of berserk rage {unknown}
Comestibles
 c - 3 bread rations
 g - 2 meat rations
 h - 2 royal jellies
 t - 2 fruits


   Skills:
 - Level 3.6 Fighting
 + Level 10.6 Axes
 - Level 2.4 Armour
 - Level 2.1 Dodging


You had 6 spell levels left.
You didn't know any spells.

Dungeon Overview and Level Annotations

Branches:
Dungeon (4/15)
 Temple: D:4-7

Altars:
Dithmenos
Hepliaklqana
Vehumet
The Shining One


Innate Abilities, Weirdness & Mutations

You reflexively headbutt those who attack you in melee.
You have a pair of horns on your head.


Message History

The orc hits you but does no damage. The orc wizard casts a spell at you.
The puff of flame hits you!
* * * LOW HITPOINT WARNING * * *
The crimson imp barely misses you. You furiously retaliate!
You headbutt the crimson imp. You closely miss the orc wizard.
The orc wizard is almost dead.
You hit the crimson imp.
The orc wizard hits you but does no damage.
The orc hits you but does no damage. The crimson imp closely misses you.
You closely miss the orc wizard. Your headbutt misses the orc wizard.
The orc wizard is almost dead.
You miss the crimson imp.
The orc wizard hits you but does no damage.
The orc barely misses you. The crimson imp hits you.
* * * LOW HITPOINT WARNING * * *
The orc wizard gestures at you while chanting.
The puff of frost hits you!
You die...

#### ## ######### #.. ...
........# #.# ....
#######.#######.#####....
####.....................
.........................
####.............<.....>.
#......#####)@oo##...
####.....###...)5.......#
........## ####....##...#
.###...## #.....# ..# .#
#.### #.....# .# .# #.#
#...... .# #(# #.#...##
.###.# #.....# .....###


You could see an orc wizard, a crimson imp and an orc.

Vanquished Creatures
  Sigmund (D:2)
  The ghost of Feta the Conjurer, an amateur DrCj (D:3)
  3 orc priests
  4 orc wizards (D:4)
  Ijyb (D:4)
  Natasha (thrice) (D:3)
  5 adders
  4 gnolls (D:3)
  A worm (D:3)
  A leopard gecko (D:4)
  15 orcs
  7 bats
  A giant cockroach (D:4)
  10 goblins
  10 hobgoblins
  4 jackals (D:4)
  A quokka (D:3)
  2 ball pythons
  5 frilled lizards
  6 kobolds
  5 rats
90 creatures vanquished.

Notes
Turn   | Place    | Note
-------+----------+-------------------------------------------
     0 | D:1      | vomix the Minotaur Berserker began the quest for the Orb.
     0 | D:1      | Reached XP level 1. HP: 19/19 MP: 0/0
    33 | D:1      | Reached skill level 4 in Axes
   106 | D:1      | Reached XP level 2. HP: 23/26 MP: 1/1
   927 | D:2      | Found a radiant altar of Vehumet.
   955 | D:2      | Found a hazy altar of Hepliaklqana.
  1049 | D:2      | Reached skill level 5 in Axes
  1406 | D:2      | Noticed Sigmund
  1411 | D:2      | Reached XP level 3. HP: 31/31 MP: 2/2
  1414 | D:2      | Killed Sigmund
  1414 | D:2      | Reached skill level 7 in Axes
  1414 | D:2      | Reached XP level 4. HP: 39/39 MP: 3/3
  1414 | D:2      | Reached XP level 5. HP: 45/45 MP: 4/4
  1482 | D:2      | Found a glowing golden altar of the Shining One.
  1920 | D:3      | Reached ** piety under Trog
  2171 | D:3      | Noticed Natasha
  2175 | D:3      | Killed Natasha
  2268 | D:3      | Reached skill level 8 in Axes
  2331 | D:3      | Noticed Feta's ghost (amateur DrCj)
  2336 | D:3      | Killed Feta's ghost
  2336 | D:3      | Reached XP level 6. HP: 51/51 MP: 5/5
  2413 | D:3      | Noticed Natasha
  2424 | D:3      | Killed Natasha
  2424 | D:3      | Reached skill level 9 in Axes
  2696 | D:3      | Found a shadowy altar of Dithmenos.
  2783 | D:3      | Noticed Natasha
  2796 | D:3      | Killed Natasha
  2796 | D:3      | Reached XP level 7. HP: 30/57 MP: 6/6
  3228 | D:4      | Noticed Ijyb
  3236 | D:4      | Killed Ijyb
  3372 | D:4      | Reached skill level 10 in Axes
  3685 | D:4      | Killed from afar by an orc wizard

Skill      XL: |  1  2  3  4  5  6  7 |
---------------+----------------------+-----
Axes           | 4 5 7 8 9 10 | 10.6
Fighting       | |  3.6
Armour         | |  2.4
Dodging        | |  2.1

Action                   |  1- 3 |  4- 6 |  7- 9 || total
-------------------------+-------+-------+-------++-------
Melee: Hand axe          |    62 |    98 |    83 ||   243
       Headbutt          |     4 |    16 |    11 ||    31
Invok: Berserk           |     1 |     2 |     3 ||     6
       Trog's Hand       |       |     2 |     1 ||     3
  Use: Potion            |       |     1 |     1 ||     2
 Stab: Sleeping          |       |     1 |       ||     1
  Eat: Chunk             |     2 |     8 |     5 ||    15
Armor: Animal skin       |    12 |    10 |       ||    22
       Chain mail        |       |       |    49 ||    49
Dodge: Dodged            |    41 |    52 |    30 ||   123
